 Dungeon Crawl Stone Soup version 0.29-a0-322-g68df515428 (webtiles) character file.

Game seed: 10894233757698790933

5988 bande the Cleaver (level 10, 0/56 HPs)
             Began as a Gargoyle Fighter on Apr 7, 2022.
             Was a Priest of Okawaru.
             Slain by a three-headed hydra (4 damage)
             ... on level 9 of the Dungeon.
             The game lasted 00:14:36 (8014 turns).

bande the Cleaver (Gargoyle Fighter)                Turns: 8014, Time: 00:14:37

Health: 0/56       AC: 19    Str: 26    XL:     10   Next: 85%
Magic:  13/13      EV:  8    Int:  9    God:    Okawaru [***...]
Gold:   463        SH:  5    Dex: 13    Spells: 9/9 levels left

rFire   + . .      SeeInvis .   y - +4 scimitar (flame)
rCold   . . .      Faith    .   c - +0 buckler
rNeg    + . .      Spirit   .   p - +0 chain mail
rPois   ∞          Reflect  .   (no helmet)
rElec   +          Harm     .   u - +0 cloak
rCorr   .          Rampage  .   (no gloves)
Will    .....      Rage     1%  (no boots)
Stlth   ..........              (no amulet)
HPRegen 0.98/turn               b - +6 ring of strength
MPRegen 0.13/turn               l - ring of protection from fire

@: no status effects
A: sickness immunity, AC +7, negative energy resistance 1, electricity
resistance, torment resistance 1, petrification resistance, berserk 1, frail 1,
regeneration 1
a: Renounce Religion, Heroism


You were on level 9 of the Dungeon.
You worshipped Okawaru.
Okawaru was most pleased with you.
You visited 2 branches of the dungeon, and saw 10 of its levels.

You collected 463 gold pieces.

Inventory:

Hand Weapons
 a - a +1 war axe
 d - a +0 flail
 o - a +0 war axe
 x - the +8 war axe of Xeas {vorpal, rElec rC+ Int+2}
   (You acquired it on level 8 of the Dungeon)

   It inflicts extra damage upon your enemies.
   Int:       It affects your intelligence (+2).
   rC:        It protects you from cold.
   rElec:     It insulates you from electricity.
 y - a +4 scimitar of flaming (weapon)
Missiles
 j - a throwing net (quivered)
Armour
 c - a +0 buckler (worn)
 p - a +0 chain mail (worn)
 u - a +0 cloak (worn)
Jewellery
 b - a +6 ring of strength (left hand)
 l - a ring of protection from fire (right hand)
Wands
 w - a wand of polymorph (14)
Scrolls
 h - 2 scrolls of enchant weapon
 m - 5 scrolls of teleportation
 n - 3 scrolls of fear
 t - 3 scrolls of identify
 v - a scroll of fog
 A - a scroll of blinking {unknown}
Potions
 e - 2 potions of heal wounds
 f - 4 potions of mutation
 g - 2 potions of curing
 i - a potion of attraction
 k - 3 potions of berserk rage
 q - a potion of haste
 r - a potion of resistance
 s - a potion of might
 z - a potion of ambrosia {unknown}


   Skills:
 + Level 7.4 Fighting
 + Level 9.7 Axes
 + Level 8.9 Armour
 + Level 6.2 Shields
 * Level 4.3 Invocations
 * Level 3.1 Evocations


You had 9 spell levels left.
You didn't know any spells.
Your spell library contained the following spells:

 Spells                   Type           Power      Damage    Failure   Level
 Magic Dart               Conj           0%         1d3       95%         1
 Searing Ray              Conj           0%         2d4       98%         2
 Conjure Flame            Conj/Fire      0%         6-21      100%        3
 Dazzling Flash           Conj/Hex       0%         N/A       100%        3
 Ignite Poison            Fire/Tmut/Pois 0%         N/A       100%        3
 Portal Projectile        Hex/Tloc       0%         N/A       100%        3
 Stone Arrow              Conj/Erth      0%         3d7       100%        3
 Anguish                  Hex/Necr       0%         N/A       100%        4
 Fulminant Prism          Conj/Hex       0%         3d6       100%        4
 Iskenderun's Mystic Bla  Conj/Tloc      0%         2d3       100%        4
 Leda's Liquefaction      Hex/Erth       0%         N/A       100%        4
 Sticky Flame             Conj/Fire      0%         2d3       100%        4
 Blade Hands              Tmut           0%         N/A       100%        5
 Irradiate                Conj/Tmut      0%         3d13      100%        5
 Starburst                Conj/Fire      0%         6d3       100%        6
 Dragon Form              Tmut           0%         N/A       100%        7
 Enfeeble                 Hex            0%         N/A       100%        7
 Lehudib's Crystal Spear  Conj/Erth      0%         10d2      100%        8
 Call Canine Familiar     Summ           Unusable   N/A       N/A         3
 Tukima's Dance           Hex            Unusable   N/A       N/A         3
 Animate Armour           Summ/Erth      Unusable   N/A       N/A         4

Dungeon Overview and Level Annotations

Branches:
Dungeon (9/15)             Temple (1/1) D:7
   Lair: D:8-11         Orc: D:9-12

Altars:
Ashenzari
Dithmenos
Fedhas
Hepliaklqana
Kikubaaqudgha
Okawaru
Ru
Trog
Uskayaw
Vehumet
Wu Jian

Shops:
D:1 ?=   D:3 *   D:5 [   D:8 *


Innate Abilities, Weirdness & Mutations

You are immune to sickness and miasma.
Your stone body is resilient. (AC +7)
You are immune to poison.
You resist negative energy. (rN+)
You are resistant to electric shocks. (rElec)
You are resistant to unholy torment.
You are immune to petrification.
You tend to lose your temper in combat.
You are frail. (-10% HP)
Your natural rate of healing is unusually fast.


Message History

The flame cauterises the wound!
You slash the six-headed hydra! You burn the six-headed hydra.
The six-headed hydra is moderately wounded.
The six-headed hydra bites you but does no damage.
The six-headed hydra closely misses you.
You block the six-headed hydra's attack.
The six-headed hydra bites you.
The six-headed hydra bites you but does no damage. x3
The six-headed hydra bites you. The six-headed hydra barely misses you.
The six-headed hydra bites you but does no damage.
You block the six-headed hydra's attack. x2
You hack one of the six-headed hydra's heads off!
The flame cauterises the wound!
You slash the five-headed hydra! You burn the five-headed hydra.
The five-headed hydra is heavily wounded.
The five-headed hydra bites you but does no damage.
The five-headed hydra closely misses you.
The five-headed hydra bites you but does no damage.
The five-headed hydra barely misses you.
You block the five-headed hydra's attack.
You slice one of the five-headed hydra's heads off!
The flame cauterises the wound!
You slash the four-headed hydra! You burn the four-headed hydra.
The four-headed hydra is severely wounded.
The four-headed hydra bites you.
The four-headed hydra barely misses you.
The four-headed hydra bites you but does no damage.
The four-headed hydra bites you!
* * * LOW HITPOINT WARNING * * *
You lop one of the four-headed hydra's heads off!
The flame cauterises the wound!
You hit the three-headed hydra. You burn the three-headed hydra.
The three-headed hydra is severely wounded.
The three-headed hydra bites you but does no damage.
You block the three-headed hydra's attack.
The three-headed hydra bites you!
* * * LOW HITPOINT WARNING * * *
The three-headed hydra bites you but does no damage. x2
The three-headed hydra bites you.
You die...

#.#########+#
#.yD@.....#.#
#..######.#.# #.
#.#.## # #....##
#.....#
#....########
#.#..........
##.##.#..########
.........#


You could see a three-headed hydra and a killer bee.

Vanquished Creatures
  Erica (D:8)
  Amaemon (D:8)
  Pikel (D:5)
  An orange demon (D:8)
  A hornet (D:7)
  Sigmund (D:6)
  A wyvern (D:7)
  Eustachio (D:6)
  2 steam dragons
  2 water moccasins
  A sky beast (D:7)
  An ice beast (D:7)
  3 black bears
  3 ogres
  2 centaurs
  A phantom (D:4)
  2 lemures (D:5)
  4 kobold brigands
  2 bullfrogs
  4 necrophages
  2 scorpions
  5 wights (D:8)
  12 killer bees
  2 hounds
  A gnoll shaman (D:4)
  An orc priest (D:5)
  Crazy Yiuf (D:6)
  Jessica (D:2)
  2 iguanas
  A mummy (D:5)
  10 adders
  10 gnolls
  2 ufetubi (D:4)
  A dart slug (D:4)
  12 orcs
  8 ball pythons
  9 endoplasms
  4 giant cockroaches
  5 hobgoblins
  4 jackals (D:2)
  A quokka (D:2)
  3 bats
  3 frilled lizards (D:1)
  4 goblins
  2 hobgoblin zombies (D:5)
  17 kobolds
  2 orc zombies (D:5)
  3 rats
163 creatures vanquished.

Vanquished Creatures (others)
  A shadow imp (D:6)
1 creature vanquished.

Grand Total: 164 creatures vanquished

Notes
Turn   | Place    | Note
-------+----------+-------------------------------------------
     0 | D:1      | bande the Gargoyle Fighter began the quest for the Orb.
     0 | D:1      | Reached XP level 1. HP: 14/14 MP: 1/1
   187 | D:1      | Reached XP level 2. HP: 13/19 MP: 2/2
   528 | D:1      | Reached skill level 2 in Axes
   551 | D:1      | Found Cuijynty's Jewellery Shoppe.
   583 | D:1      | Found Fehog's Magic Scroll Shoppe.
  1123 | D:2      | Reached XP level 3. HP: 24/24 MP: 3/3
  1621 | D:2      | Noticed Jessica
  1637 | D:2      | Killed Jessica
  1638 | D:2      | Reached XP level 4. HP: 22/29 MP: 4/4
  1720 | D:2      | Found a faded altar of an unknown god.
  2205 | D:3      | You fall into a shaft and drop 1 floor!
  2221 | D:4      | Reached skill level 3 in Axes
  2231 | D:4      | Reached XP level 5. HP: 30/33 MP: 5/5
  2612 | D:4      | Noticed a phantom
  2629 | D:4      | Killed a phantom
  2630 | D:4      | Reached skill level 4 in Axes
  2630 | D:4      | Reached XP level 6. HP: 29/38 MP: 6/6
  3031 | D:4      | Gained mutation: You are frail. (-10% HP) [potion of
                  | mutation]
  3031 | D:4      | Gained mutation: You tend to lose your temper in combat.
                  | [potion of mutation]
  3031 | D:4      | Gained mutation: Your natural rate of healing is unusually
                  | fast. [potion of mutation]
  3071 | D:3      | Found Juiky's General Store.
  3879 | D:5      | Entered Level 5 of the Dungeon
  3945 | D:5      | Reached skill level 5 in Armour
  3945 | D:5      | Reached XP level 7. HP: 39/39 MP: 7/7
  4060 | D:5      | Found an ancient bone altar of Kikubaaqudgha.
  4061 | D:5      | Found a blossoming altar of Fedhas.
  4086 | D:5      | Found Jahor's Antique Armour Shoppe.
  4098 | D:5      | Reached skill level 5 in Fighting
  4098 | D:5      | Reached skill level 5 in Axes
  4264 | D:5      | Reached XP level 8. HP: 13/44 MP: 8/8
  4529 | D:5      | Found an ornate altar of the Wu Jian Council.
  5042 | D:6      | Reached skill level 6 in Axes
  5120 | D:6      | Found a runed translucent door.
  5121 | D:6      | Noticed Crazy Yiuf
  5224 | D:6      | Noticed Pikel
  5276 | D:5      | Killed Pikel
  5277 | D:5      | Reached skill level 7 in Axes
  5277 | D:5      | Reached XP level 9. HP: 22/49 MP: 9/9
  5504 | D:6      | Noticed Sigmund
  5513 | D:6      | Killed Sigmund
  5514 | D:6      | Reached skill level 5 in Shields
  5547 | D:6      | Noticed Eustachio
  5578 | D:6      | Killed Eustachio
  5714 | D:6      | Found a hazy altar of Hepliaklqana.
  5931 | D:6      | Killed Crazy Yiuf
  5932 | D:6      | Reached skill level 8 in Axes
  6021 | D:7      | Found a staircase to the Ecumenical Temple.
  6031 | Temple   | Entered the Ecumenical Temple
  6050 | Temple   | Became a worshipper of Warmaster Okawaru
  6092 | D:7      | Reached skill level 1 in Invocations
  6335 | D:7      | Noticed a hornet
  6349 | D:7      | Killed a hornet
  6652 | D:7      | Reached skill level 1 in Evocations
  6662 | D:7      | Reached * piety under Okawaru
  6663 | D:7      | Reached XP level 10. HP: 34/54 MP: 11/11
  6695 | D:8      | Noticed Amaemon
  6720 | D:7      | Reached skill level 9 in Axes
  6734 | D:8      | Noticed an orange demon
  6755 | D:8      | Killed Amaemon
  6764 | D:8      | Killed an orange demon
  6764 | D:8      | Reached ** piety under Okawaru
  6993 | D:8      | Identified a scroll of acquirement
  6993 | D:8      | Acquired the +8 war axe of Xeas {vorpal, rElec rC+ Int+2}
  7084 | D:8      | Found a broken altar of Ashenzari.
  7092 | D:8      | Noticed Erica
  7107 | D:8      | Killed Erica
  7136 | D:8      | Found Loole's General Store.
  7295 | D:8      | Reached *** piety under Okawaru
  7648 | D:8      | Found a bloodstained altar of Trog.
  8005 | D:9      | Noticed a six-headed hydra
  8014 | D:9      | Slain by a three-headed hydra

Illustrated notes

Levels and vault maps discovered:
D:1:      evilmike_arrival_plus, layout_loops_ring, serial_shops, shop_scrolls,
          nicolae_shop_competitors_out_of_business
D:2:      layout_loops_cross, ebering_ecumenical_altar_sacrificial, uniq_jessica
D:3:      layout_basic, serial_shops, shop_fountains,
          chequers_serial_rivers_micro_b
D:4:      layout_basic, enter_ossuary_5, minmay_unequal
D:5:      layout_rooms, grunt_temple_overflow_growth_and_decay,
          nicolae_wu_jian_glorious_leap, serial_shops,
          nicolae_shop_advertising_works [nicolae_subvault_shop_adworks],
          kennysheep_cross_bottleneck, minmay_mini_ossuary
D:6:      layout_cave_pools, kennysheep_little_box, minmay_unpleasant_kobolds,
          uniq_eustachio, uniq_crazy_yiuf_cottage, uniq_sigmund, uniq_pikel
D:7:      layout_cave_pools, minmay_temple_entry_wispy, grunt_decor_clamped
D:8:      layout_basic, mainiacjoe_overflow_alcove_4, lemuel_tele_altar,
          serial_shops, shop, moated_statue, chequers_serial_rivers_micro_b,
          uniq_amaemon, uniq_erica
D:9:      minmay_slanted_spiral_squares, layout_loops_corners
Temple:   nicolae_temple_elliptical

Skill      XL: |  1  2  3  4  5  6  7  8  9 10 |
---------------+-------------------------------+-----
Axes           | 2 3 4 5 7 8 9 |  9.7
Armour         | 4 5 7 8 |  8.9
Fighting       | 4 5 6 7 |  7.4
Shields        | 4 5 6 |  6.2
Invocations    | 2 4 |  4.3
Evocations     | 1 3 |  3.1

Action                   |  1- 3 |  4- 6 |  7- 9 | 10-12 || total
-------------------------+-------+-------+-------+-------++-------
Melee: War axe           |   105 |   124 |   255 |    93 ||   577
       Scimitar          |       |       |       |     5 ||     5
  Use: Scroll            |     3 |     9 |     4 |     1 ||    17
       Potion            |       |     4 |       |       ||     4
Armor: Scale mail        |    54 |     6 |       |       ||    60
       Chain mail        |       |   115 |   232 |   157 ||   504
Dodge: Dodged            |    62 |    81 |   127 |    99 ||   369
Block: Buckler           |    21 |    31 |    82 |    62 ||   196

Table legend: (Time is in decaauts)
 A = Elapsed time spent in this place.
 B = Non-inter-level travel time spent in this place.
 C = Inter-level travel time spent in this place.
 D = Time resting spent in this place.
 E = Time spent auto-exploring this place.
 F = Levels seen in this place.
 G = Mean time per level.
                   A        B        C        D        E       F      G
               +--------+--------+--------+--------+--------+-----+--------+
         Total |   8185 |   7914 |    271 |    669 |   5673 |  10 |  818.5 |
       Dungeon |   8151 |   7880 |    271 |    669 |   5661 |   9 |  905.7 |
        Temple |     33 |     33 |      0 |      0 |     12 |   1 |   33.0 |
               +--------+--------+--------+--------+--------+-----+--------+

Top non-repeatable levels by time:
     D:5: 1330 daAuts
     D:4: 1299 daAuts
     D:8: 1147 daAuts
     D:2: 1010 daAuts
     D:1: 955 daAuts
     D:6: 832 daAuts
     D:3: 703 daAuts
     D:7: 700 daAuts
     D:9: 172 daAuts
  Temple: 33 daAuts
